 Dungeon Crawl Stone Soup version 0.30.1-11-g7821555f0a (webtiles) character file.

Game seed: 8548292552326778298

100 GordonOverkill the Sneak (level 4, -5/24 HPs)
             Began as a Spriggan Delver on Jan 17, 2024.
             Was an Initiate of Trog.
             Killed by nerve-wracking pain
             ... invoked by Grinder
              (11 damage)
             ... on level 3 of the Dungeon.
             The game lasted 00:04:20 (729 turns).

GordonOverkill the Sneak (Spriggan Delver)           Turns: 729, Time: 00:04:20

Health: -5/24      AC:  2    Str: 10    XL:     4   Next: 47%
Magic:  5/5        EV: 18    Int: 11    God:    Trog [......]
Gold:   291        SH:  0    Dex: 16    Spells: 3/3 levels left

rFire   . . .        a - +0 short sword
rCold   . . .        (no shield)
rNeg    . . .        j - +0 robe of Badweip {rCorr}
rPois   .            (helmet restricted)
rElec   .            (no cloak)
rCorr   +            (gloves unavailable)
SInv    +            (boots unavailable)
Will    .....        (no amulet)
Stlth   ++++         (no ring)
HPRegen 0.24/turn    (no ring)
MPRegen 0.09/turn

%: no passive effects
@: very quick
A: very small, no large weapons, unfitting armour, see invisible, speed 3
a: Renounce Religion


You were on level 3 of the Dungeon.
You worshipped Trog.
Trog was noncommittal.
You visited 1 branch of the dungeon, and saw 4 of its levels.
You also visited: Ossuary.

You collected 291 gold pieces.

Inventory:

Hand Weapons
 a - a +0 short sword (weapon)
Armour
 j - the +0 robe of Badweip (worn) {rCorr}
   (You found it on level 4 of the Dungeon)

   rCorr:     It protects you from acid and corrosion.
Wands
 g - a wand of digging (2)
 h - a wand of flame (12)
Scrolls
 c - a scroll of fog
 e - a scroll of fear
Potions
 f - a potion of haste
 i - 2 potions of flight {unknown}


   Skills:
 + Level 3.3 Fighting
 - Level 2.1 Short Blades
 - Level 4.0 Dodging
 - Level 7.2 Stealth
 - Level 3.0 Evocations


You had 3 spell levels left.
You didn't know any spells.
Your spell library was empty.

Dungeon Overview and Level Annotations

Branches:
Dungeon (6/15)            Ossuary (visited)
 Temple: D:4-7

Altars:
Trog

Annotations:
D:3 Grinder
D:4 Sigmund


Innate Abilities, Weirdness & Mutations

You are very small and have problems with some larger weapons.
You are too small for most types of armour.
You have supernaturally acute eyesight. (SInv)
You cover ground extremely quickly. (Speed+++)


Message History

There is a stone staircase leading down here.
You start resting.
HP restored.
A kobold comes into view. It is wielding a +1 whip of venom.
A kobold is nearby!
The kobold shouts!
You hear a shout!
A kobold comes into view.
It is wielding a +1 dagger of electrocution.
You hear a shout!
An adder comes into view.
The kobold misses you.
You hit the kobold but do no damage. The kobold completely misses you.
You barely miss the kobold. The kobold closely misses you.
You hit the kobold.
The kobold is moderately wounded.
The kobold completely misses you. The kobold closely misses you.
You hit the kobold but do no damage.
The kobold is moderately wounded.
The adder bites the bush but does no damage.
The kobold barely misses you.
The kobold hits you with a +1 dagger of electrocution.
You are electrocuted!!
Ouch! That really hurt!
* * * LOW HITPOINT WARNING * * *
You hit the kobold but do no damage.
The kobold is moderately wounded.
The adder bites the bush but does no damage.
You hit the kobold but do no damage.
The kobold is moderately wounded.
The kobold closely misses you. The kobold misses you.
The adder bites the bush but does no damage.
You see here a +0 scale mail.
Grinder comes into view.
Grinder shouts!
Found a scroll labelled OGOTHE LOEQIC.
A dart slug comes into view.
An adder comes into view.
The adder bites the bush but does no damage.
Grinder gestures at you. Pain shoots through your body!
You die... #) P.PPP.P .P.P..# #.#P...P.P ..SP..## #..PPP.PPPPPPPPP...

#....S.........
#..[########.#####w.
#.>.K.SK.....5......
#.##########.###.##
#.# #.# #.# #@# #.#
#.# #.# #.# ..# #.#
## #.# #.# #.# #.#


You could see Grinder and an adder (wandering).

Vanquished Creatures
  A centaur zombie (Ossuary)
  A gnoll bouda (D:5)
  2 mummies (Ossuary)
  A worm (D:4)
  A giant cockroach (D:4)
  2 gnoll zombies (Ossuary)
  A hobgoblin (D:4)
  A goblin (D:4)
  5 goblin zombies (Ossuary)
  2 hobgoblin zombies (Ossuary)
  4 orc zombies (Ossuary)
21 creatures vanquished.

Notes
Turn   | Place    | Note
-------+----------+-------------------------------------------
     0 | D:5      | GordonOverkill the Spriggan Delver began the quest for the
                  | Orb.
     0 | D:5      | Reached XP level 1. HP: 11/11 MP: 2/2
    15 | D:6      | Noticed a phantom
    30 | D:6      | Found a bloodstained altar of Trog.
    71 | D:6      | Became a worshipper of Trog the Wrathful
    96 | D:5      | Noticed a gnoll bouda
    98 | D:5      | Killed a gnoll bouda
    99 | D:5      | Reached XP level 2. HP: 16/16 MP: 3/3
   119 | D:5      | Noticed a black bear
   269 | D:4      | Reached XP level 3. HP: 20/20 MP: 4/4
   271 | D:4      | Identified the +0 robe of Badweip {rCorr}
   356 | D:4      | Noticed Sigmund
   372 | D:4      | Found a sand-covered staircase.
   379 | Ossuary  | Entered an ossuary
   446 | Ossuary  | Reached XP level 4. HP: 21/24 MP: 5/5
   724 | D:3      | Noticed Grinder
   729 | D:3      | Killed from afar by Grinder

Illustrated notes

Levels and vault maps discovered:
D:3:      layout_basic, minmay_hedge_maze, uniq_crazy_yiuf_cottage, uniq_robin,
          uniq_terence, uniq_ijyb, uniq_grinder
D:4:      layout_loops_corners, mainiacjoe_overflow_alcove_4,
          chequers_ossuary_entry_cave, minmay_unequal, uniq_sigmund
D:5:      layout_gridville, makhleb_altar_promises_db, minmay_temple_entry_ruins
D:6:      layout_loops_corners, vehumet_crystals,
          nicolae_qazlal_general_emergency, lemuel_crystal_altar,
          chequers_temple_overflow_minitemple, uniq_eustachio

Skill      XL: |  1  2  3 |
---------------+----------+-----
Fighting       | 3 |  3.3
Evocations     | 2 3 |  3.0
Dodging        | 4 |  4.0
Short Blades   | |  2.1
Stealth        | |  7.2

Action                     |  1- 3 |  4- 6 || total
---------------------------+-------+-------++-------
  Melee: Short sword       |    22 |    64 ||    86
         Punch             |       |     1 ||     1
  Throw: Dart              |     2 |       ||     2
  Evoke: Wand              |     6 |     2 ||     8
    Use: Scroll            |     1 |       ||     1
   Stab: Sleeping          |     4 |       ||     4
 Armour: Robe              |     5 |     5 ||    10
  Dodge: Dodged            |    24 |    51 ||    75
